 Dungeon Crawl Stone Soup version 0.28-a0-724-g66f9036eb4 (webtiles) character file.

Game seed: 9338868838906766173

254 Crumbo the Magician (level 5, -2/28 HPs)
             Began as a Deep Elf Fire Elementalist on Oct 27, 2021.
             Slain by a gnoll (6 damage)
             ... on level 5 of the Dungeon.
             The game lasted 00:15:18 (4408 turns).

Crumbo the Magician (Deep Elf Fire Elementalist)    Turns: 4408, Time: 00:15:18

Health: -2/28      AC:  2    Str:  5    XL:     5   Next: 91%
Magic:  10/14      EV: 13    Int: 21    God:
Gold:   202        SH:  0    Dex: 15    Spells: 11/14 levels left

rFire   + . .      SeeInvis .   (no weapon)
rCold   . . .      Faith    .   (no shield)
rNeg    . . .      Spirit   .   a - +0 robe
rPois   .          Reflect  .   (no helmet)
rElec   .          Harm     .   (no cloak)
rCorr   .          Rampage  .   (no gloves)
Will    .....                   (no boots)
Stlth   ++........              (no amulet)
HPRegen 0.09/turn               q - ring of protection from fire
MPRegen 0.14/turn               (no ring)

@: no status effects
A: no striking features
a: no special abilities


You were on level 5 of the Dungeon.
You visited 2 branches of the dungeon, and saw 6 of its levels.

You collected 202 gold pieces.

Inventory:

Armour
 a - a +0 robe (worn)
Jewellery
 q - a ring of protection from fire (left hand)
Wands
 n - a wand of paralysis (5)
 o - a wand of charming (7)
Scrolls
 c - 2 scrolls of immolation {unknown}
 d - 2 scrolls of amnesia {unknown}
 g - a scroll of teleportation {unknown}
 j - a scroll of enchant weapon {unknown}
 k - a scroll of identify {unknown}
Potions
 b - 3 potions of attraction {unknown}
 e - 2 potions of ambrosia {unknown}
 f - a potion of might {unknown}
 h - 2 potions of flight {unknown}
 i - a potion of curing {unknown}
 l - a potion of invisibility {unknown}
 m - a potion of mutation {unknown}
 p - 2 potions of haste {unknown}


   Skills:
 + Level 2.9 Dodging
 + Level 3.2 Stealth
 + Level 5.0 Spellcasting
 * Level 3.8 Conjurations
 + Level 4.6 Fire Magic


You had 11 spell levels left.
You knew the following spells:

 Your Spells              Type           Power      Damage    Failure   Level
a - Foxfire               Conj/Fire      92%        2x1d8     1%          1
b - Scorch                Fire           48%        2d7       2%          2

Your spell library contained the following spells:

 Spells                   Type           Power      Damage    Failure   Level
 Conjure Flame            Conj/Fire      23%        6-21      6%          3
 Summon Small Mammal      Summ           20%        N/A       11%         1
 Inner Flame              Hex/Fire       14%        N/A       13%         3
 Ensorcelled Hibernation  Hex/Ice        10%        N/A       16%         2
 Flame Wave               Conj/Fire      23%        3d6       19%         4
 Call Canine Familiar     Summ           5%         N/A       32%         3
 Summon Guardian Golem    Hex/Summ       5%         N/A       32%         3
 Tukima's Dance           Hex            5%         N/A       32%         3
 Malign Gateway           Summ/Tloc      2%         N/A       100%        7
 Summon Horrible Things   Summ           2%         N/A       100%        8


Dungeon Overview and Level Annotations

Branches:
Dungeon (5/15)             Temple (1/1) D:4

Altars:
Ashenzari
Cheibriados
Dithmenos
Elyvilon
Fedhas
Hepliaklqana
Kikubaaqudgha
Makhleb
Nemelex Xobeh
Okawaru
Qazlal
Ru
Sif Muna
Trog
Uskayaw
Wu Jian
Xom
Yredelemnul
Zin
The Shining One


Message History

Casting: Foxfire (safe; 1% risk of failure)
Confirm with . or Enter, or press ? or * to list all spells.
Flames lash the gnoll.
The gnoll is moderately wounded.
The gnoll's fire resistance burns away.
The gnoll barely misses you. The gnoll hits you with a +0 flail.
* * * LOW HITPOINT WARNING * * *
The gnoll hits you from afar with a +0 spear.
* * * LOW HITPOINT WARNING * * *
Attack: -) Nothing wielded
Press: ? - help, Dir - move target, f - gnoll
Aim: a gnoll, wielding a +0 flail (fast, about 39% to evade your hands)
Okay, then.
Aiming: Charm
Press: ? - help, Shift-Dir - straight line, f - gnoll
Aim: a gnoll, wielding a +0 flail (fast, chance to affect: 54%)
The gnoll is charmed.
The gnoll barely misses you.
The gnoll shaman hits your gnoll with a +0 club!
The gnoll hits your gnoll with a +0 spear.
The gnoll is no longer more vulnerable to fire.
The gnoll closely misses your gnoll.
The gnoll shaman calls upon its god to speed up something.
The gnoll hits your gnoll with a +0 spear.
Your gnoll dies!
Aiming: Charm
Press: ? - help, Shift-Dir - straight line, f - gnoll
Aim: a gnoll, wielding a +0 spear (moderately wounded, fast, chance to affect: 54%)
The gnoll is charmed.
The gnoll shaman utters an invocation to its god.
The gnoll shaman is healed somewhat.
Found 20 sling bullets.
Found a stone staircase leading up.
Casting: Scorch (safe; 2% risk of failure)
Confirm with . or Enter, or press ? or * to list all spells.
You conjure some foxfire!
The foxfire hits the gnoll.
The gnoll is heavily wounded.
Your gnoll closely misses the gnoll.
The gnoll hits you from afar with a +0 spear.
You die...

####### #.....#
#.....# #.(...#
##############§.§..#
#...........gvg§§..#
..###..).#####g§@..#
#####....### #.....#
#.......# #.....#
#.#####...#.....# #
#.#######...###.# .#
#.....# ##.# ... .#
#.....# #.< ...
.###.....###### ....
...#..........


You could see a gnoll shaman, a gnoll (fast, ally target) and a friendly gnoll
(charmed, fast).

Vanquished Creatures
  An iguana (D:4)
  Ijyb (D:4)
  An orc wizard (D:3)
  4 gnolls (D:3)
  4 adders
  A howler monkey skeleton (D:4)
  A white imp (D:4)
  An adder skeleton (D:4)
  3 worms
  7 orcs
  4 bats
  4 endoplasms
  6 giant cockroaches
  5 hobgoblins
  3 quokkas
  4 ball pythons
  4 frilled lizards
  8 goblins
  7 kobolds
  A rat (D:1)
70 creatures vanquished.

Vanquished Creatures (others)
  A gnoll (D:5)
  185 foxfires
186 creatures vanquished.

Grand Total: 256 creatures vanquished

Notes
Turn   | Place    | Note
-------+----------+-------------------------------------------
     0 | D:1      | Crumbo the Deep Elf Fire Elementalist began the quest for
                  | the Orb.
     0 | D:1      | Reached XP level 1. HP: 10/10 MP: 6/6
   225 | D:1      | Reached XP level 2. HP: 15/15 MP: 5/8
   432 | D:1      | Found a faded altar of an unknown god.
   874 | D:2      | Reached XP level 3. HP: 19/19 MP: 5/10
  1594 | D:2      | Learned a level 2 spell: Scorch
  1729 | D:3      | Reached skill level 4 in Spellcasting
  2133 | D:3      | Reached XP level 4. HP: 24/24 MP: 8/12
  2494 | D:3      | Reached XP level 5. HP: 17/28 MP: 7/13
  3025 | D:4      | Found a hide-covered altar of Uskayaw.
  3096 | D:4      | Noticed Ijyb
  3097 | D:4      | Paralysed by Ijyb for 5 turns
  3110 | D:4      | Killed Ijyb
  3507 | D:4      | Found a staircase to the Ecumenical Temple.
  3515 | Temple   | Entered the Ecumenical Temple
  3760 | D:4      | Found a burning altar of Makhleb.
  3853 | D:4      | Reached skill level 5 in Spellcasting
  4211 | D:5      | Entered Level 5 of the Dungeon
  4211 | D:5      | Noticed an ice beast
  4408 | D:5      | Slain by a gnoll

Illustrated notes

Levels and vault maps discovered:
D:1:      matt_arrival_refuge, layout_basic, ebering_ecumenical_altar_ruins
D:2:      layout_loops_ring, minmay_small_reverse_x
D:3:      layout_basic
D:4:      layout_basic, general_overflow_altar, mainiacjoe_overflow_boulevard,
          temple_doors_e, uniq_ijyb
D:5:      layout_rooms
Temple:   nicolae_temple_no_exploring_needed

Skill      XL: |  1  2  3  4  5 |
---------------+----------------+-----
Conjurations   | 2 3 |  3.8
Fire Magic     | 4 |  4.6
Spellcasting   | 4 5 |  5.0
Stealth        | 3 |  3.2
Dodging        | |  2.9

Action                   |  1- 3 |  4- 6 || total
-------------------------+-------+-------++-------
Melee: Unarmed           |    28 |    12 ||    40
 Cast: Foxfire           |    58 |    51 ||   109
       Scorch            |       |    13 ||    13
Evoke: Wand              |       |     2 ||     2
Armor: Robe              |    10 |     2 ||    12
Dodge: Dodged            |    33 |    33 ||    66

Table legend: (Time is in decaauts)
 A = Elapsed time spent in this place.
 B = Non-inter-level travel time spent in this place.
 C = Inter-level travel time spent in this place.
 D = Time resting spent in this place.
 E = Time spent auto-exploring this place.
 F = Levels seen in this place.
 G = Mean time per level.
                   A        B        C        D        E       F      G
               +--------+--------+--------+--------+--------+-----+--------+
         Total |   4408 |   4408 |      0 |     13 |   3448 |   6 |  734.7 |
       Dungeon |   4340 |   4340 |      0 |     13 |   3448 |   5 |  868.0 |
        Temple |     68 |     68 |      0 |      0 |      0 |   1 |   68.0 |
               +--------+--------+--------+--------+--------+-----+--------+

Top non-repeatable levels by time:
     D:4: 1270 daAuts
     D:3: 1242 daAuts
     D:2: 860 daAuts
     D:1: 845 daAuts
     D:5: 121 daAuts
  Temple: 68 daAuts
